 Dungeon Crawl Stone Soup version 0.29-a0-393-g47a863cc1b (webtiles) character file.

Game seed: 11753829610051814874

856 HendSelp the Ruffian (level 7, -1/84 HPs)
             Began as a Green Draconian Transmuter on May 9, 2022.
             Killed from afar by an orc wizard (4 damage)
             ... with a puff of flame
             ... on level 6 of the Dungeon.
             The game lasted 00:05:42 (3407 turns).

HendSelp the Ruffian (Green Draconian Transmuter)   Turns: 3407, Time: 00:05:43

Health: -1/84      AC: 23    Str: 13    XL:     7   Next: 70%
Magic:  10/10      EV:  2    Int: 15    God:
Gold:   231        SH:  0    Dex: 17    Spells: 10/11 levels left

rFire   . . .      SeeInvis .     - Unarmed
rCold   . . .      Faith    .   (no shield)
rNeg    . . .      Spirit   .   (body armour unavailable)
rPois   +          Reflect  .   (helmet currently unavailable)
rElec   .          Harm     .   (cloak currently unavailable)
rCorr   .          Rampage  .   (gloves currently unavailable)
Will    .....      NoTele   +   (boots currently unavailable)
Stlth   +++.......              c - amulet of magic regeneration
HPRegen 0.24/turn               i - +6 ring of dexterity
MPRegen 0.52/turn               (no ring)

@: mighty, tree-form (expiring), hasted, very quick
A: stationary, stasis, torment immunity, boosted hp, (breathe noxious fumes), AC
+6, unfitting armour, (poison resistance), (cold-blooded)
a: no special abilities


You were on level 6 of the Dungeon.
You were a tree.
You visited 1 branch of the dungeon, and saw 5 of its levels.

You collected 231 gold pieces.

Inventory:

Jewellery
 c - an amulet of magic regeneration (around neck)
 i - a +6 ring of dexterity (left branch)
Wands
 d - a wand of flame (15)
Scrolls
 g - 2 scrolls of magic mapping
Potions
 a - 2 potions of lignification
 k - 2 potions of attraction
 l - 3 potions of mutation


   Skills:
 + Level 2.6 Fighting
 + Level 3.7 Dodging
 + Level 3.5 Stealth
 + Level 6.6 Unarmed Combat
 + Level 2.6 Spellcasting
 + Level 2.5 Transmutations


You had 10 spell levels left.
You knew the following spells:

 Your Spells              Type           Power      Damage    Failure   Level
a - Beastly Appendage     Tmut           18%        N/A       8%          1

Your spell library contained the following spells:

 Spells                   Type           Power      Damage    Failure   Level
 Wereblood                Tmut           9%         N/A       11%         2
 Spider Form              Tmut/Pois      5%         N/A       36%         3
 Ice Form                 Ice/Tmut       5%         N/A       77%         4


Dungeon Overview and Level Annotations

Branches:
Dungeon (4/15)
 Temple: D:4-7

Altars:
Gozag


Innate Abilities, Weirdness & Mutations

You are a tree.
Your roots penetrate the ground, keeping you stationary.
You cannot be teleported.
You are immune to unholy pain and torment.
Your maximum health is greatly increased.
Your equipment is partially melded.
((You can breathe blasts of noxious fumes.))
((Your lurid green scales are hard. (AC +6)))
You cannot fit into any form of body armour.
((Your system is resistant to poisons. (rPois)))
((You are cold-blooded and may be slowed by cold attacks.))


Message History

Unknown command.
Unknown command.
Unknown command.
Unknown command.
Unknown command.
Unknown command.
You pummel the yak!!
The yak is almost dead.
The ufetubus hits you but does no damage. x2
The yak gores you but does no damage.
Unknown command.
You smack the yak!
You kill the yak!
The ufetubus hits you but does no damage.
The ufetubus barely misses you.
Unknown command.
You hit the centaur.
The centaur is moderately wounded.
The centaur hits you but does no damage.
The centaur kicks you but does no damage.
Unknown command.
You smack the centaur!
The centaur is almost dead.
The centaur hits you but does no damage.
The centaur completely misses you.
The ufetubus hits you but does no damage. x2
Unknown command.
You completely miss the centaur.
The centaur is almost dead.
The iguana hisses menacingly.
The ufetubus hits you but does no damage. x4
The centaur hits you but does no damage.
The centaur kicks you but does no damage.
Unknown command.
You pummel the centaur!!
You kill the centaur!
You hear some strange, mumbled words.
A puff of flame appears from out of thin air!
The puff of flame hits you.
You die...

# ## ## #. ..
...#. .# ...$$$
.#
##.$_{##.####.#
...$lo)5......#
#...o5♣).(..#
..>..###)###.#
### .# .. .##
.# .# ##


You could see an iguana, 2 orcs and 2 ufetubi.

Vanquished Creatures
  4 yaks (D:6)
  A centaur (D:6)
  An ogre (D:6)
  A hound (D:2)
  2 jellies
  Jessica (D:3)
  An adder (D:2)
  A shadow imp (D:6)
  A worm (D:3)
  A dart slug (D:3)
  An orc (D:6)
  7 bats
  2 endoplasms
  4 giant cockroaches
  8 goblins
  6 hobgoblins
  5 kobolds
  3 quokkas
  3 ball pythons
  3 frilled lizards
  5 rats
61 creatures vanquished.

Vanquished Creatures (others)
  2 plants (D:4)
2 creatures vanquished.

Grand Total: 63 creatures vanquished

Notes
Turn   | Place    | Note
-------+----------+-------------------------------------------
     0 | D:1      | HendSelp the Draconian Transmuter began the quest for the
                  | Orb.
     0 | D:1      | Reached XP level 1. HP: 16/16 MP: 3/3
   274 | D:1      | Reached XP level 2. HP: 19/23 MP: 5/5
  1149 | D:2      | Reached XP level 3. HP: 28/28 MP: 4/6
  1859 | D:2      | Reached skill level 4 in Unarmed Combat
  1859 | D:2      | Reached XP level 4. HP: 24/35 MP: 7/7
  2104 | D:2      | Found a faded altar of an unknown god.
  2801 | D:3      | Noticed Jessica
  2806 | D:3      | Killed Jessica
  3152 | D:4      | Reached skill level 1 in Stealth
  3152 | D:4      | Reached XP level 5. HP: 28/40 MP: 8/8
  3369 | D:4      | You fall into a shaft and drop 2 floors!
  3369 | D:6      | Noticed a yak
  3369 | D:6      | Noticed a yak
  3369 | D:6      | Noticed a yak
  3369 | D:6      | Noticed a yak
  3369 | D:6      | Found an opulent altar of Gozag.
  3380 | D:6      | Killed a yak
  3381 | D:6      | Reached skill level 5 in Unarmed Combat
  3381 | D:6      | Reached XP level 6. HP: 16/48 MP: 9/9
  3385 | D:6      | Killed a yak
  3393 | D:6      | Killed a yak
  3394 | D:6      | Reached skill level 6 in Unarmed Combat
  3394 | D:6      | Your scales start taking on a lurid green colour.
  3394 | D:6      | Reached XP level 7. HP: 26/55 MP: 10/10
  3394 | D:6      | Gained mutation: Your system is resistant to poisons.
                  | (rPois) [Green Draconian growth]
  3400 | D:6      | HP: 2/82 [yak (5)]
  3403 | D:6      | Killed a yak
  3407 | D:6      | Killed from afar by an orc wizard

Illustrated notes

Levels and vault maps discovered:
D:1:      giann_wishing_wells, layout_basic, serial_aquarium,
          aquarium_bridge_square [aquarium_subvault_bridge,
          aquarium_subvault_window, aquarium_subvault_bridge,
          aquarium_subvault_wall], aquarium_bridge_square
          [aquarium_subvault_window, aquarium_subvault_wall,
          aquarium_subvault_bridge, aquarium_subvault_bridge],
          aquarium_window_corner, aquarium_window_fake, aquarium_window_fake,
          aquarium_window_1, aquarium_view_2b, aquarium_pool_four,
          minmay_tromino_i4
D:2:      minmay_alternating_diamond, layout_rooms, basic_ecumenical_altar,
          minmay_pentomino_pile
D:3:      layout_basic, uniq_jessica
D:4:      layout_gridville, mainiacjoe_overflow_boulevard, temple_green,
          gammafunk_ghost_grave, uniq_eustachio, uniq_sigmund
D:6:      dreamdust_elfheim, layout_loops_ring, nicolae_gozag_seed_capital,
          gup_sewer_entry_bubbles, uniq_duvessa

Skill      XL: |  1  2  3  4  5  6 |
---------------+-------------------+-----
Dodging        | 2 3 |  3.7
Unarmed Combat | 4 5 6 |  6.6
Stealth        | 1 2 3 |  3.5
Fighting       | 2 |  2.6
Spellcasting   | |  2.6
Transmutations | |  2.5

Action                   |  1- 3 |  4- 6 |  7- 9 || total
-------------------------+-------+-------+-------++-------
Melee: Unarmed           |   121 |    58 |    12 ||   191
       Tailslap          |     6 |     7 |       ||    13
       Kick              |     5 |     1 |       ||     6
       Headbutt          |     3 |     1 |       ||     4
       Punch             |     1 |     4 |       ||     5
 Cast: Beastly Appendage |     7 |     1 |       ||     8
  Use: Scroll            |     7 |     7 |       ||    14
       Potion            |       |     6 |     2 ||     8
 Stab: Sleeping          |       |     3 |       ||     3
Armor: Skin              |    46 |    49 |    30 ||   125
Dodge: Dodged            |   114 |    21 |     4 ||   139

Table legend: (Time is in decaauts)
 A = Elapsed time spent in this place.
 B = Non-inter-level travel time spent in this place.
 C = Inter-level travel time spent in this place.
 D = Time resting spent in this place.
 E = Time spent auto-exploring this place.
 F = Levels seen in this place.
 G = Mean time per level.
                   A        B        C        D        E       F      G
               +--------+--------+--------+--------+--------+-----+--------+
         Total |   3381 |   3317 |     64 |    133 |   2723 |   5 |  676.2 |
       Dungeon |   3381 |   3317 |     64 |    133 |   2723 |   5 |  676.2 |
               +--------+--------+--------+--------+--------+-----+--------+

Top non-repeatable levels by time:
     D:2: 1252 daAuts
     D:1: 966 daAuts
     D:3: 907 daAuts
     D:4: 230 daAuts
     D:6: 24 daAuts
